 Dungeon Crawl Stone Soup version 0.26-a0-291-g3d11bbfad5 (webtiles) character file.

Game seed: 4548219464813296931

529 BritishOli the Skirmisher (level 7, -2/55 HPs)
             Began as a Demonspawn Fighter on July 14, 2020.
             Killed from afar by an orc wizard (3 damage)
             ... with a magic dart
             ... on level 4 of the Dungeon.
             The game lasted 00:07:15 (4535 turns).

BritishOli the Skirmisher (Demonspawn Fighter)      Turns: 4535, Time: 00:07:16

Health: -2/55      AC:  8    Str: 19    XL:     7   Next: 3%
Magic:  7/7        EV:  7    Int:  9    God:
Gold:   178        SH:  9    Dex: 12    Spells: 6/6 levels left

rFire    . . .     SeeInvis .   a - +0 long sword
rCold    . . .     Faith    .   c - +0 kite shield
rNeg     . . .     Spirit   .   b - +0 scale mail
rPois    .         Reflect  .   (helmet restricted)
rElec    .         Harm     .   (no cloak)
rCorr    .                      v - +0 pair of gloves
MR       .....                  (no boots)
Stlth    ..........             (no amulet)
HPRegen  0.18/turn              (no ring)
MPRegen  0.10/turn              (no ring)

@: lethally poisoned (-2 -> -12), berserk cooldown
A: antennae 2, powered by death 1
a: no special abilities


You were on level 4 of the Dungeon.
You visited 1 branch of the dungeon, and saw 4 of its levels.
You also visited: Ossuary.

You collected 178 gold pieces.

Inventory:

Hand Weapons
 a - a +0 long sword (weapon)
Missiles
 x - 5 boomerangs (quivered)
Armour
 b - a +0 scale mail (worn)
 c - a +0 kite shield (worn)
 v - a +0 pair of gloves (worn)
Wands
 q - a wand of flame (22)
Scrolls
 e - a scroll of identify
 f - a scroll of fog {unknown}
 h - a scroll of random uselessness {unknown}
 j - a scroll of remove curse
 m - 2 scrolls of blinking {unknown}
 o - a scroll of amnesia {unknown}
 r - a scroll of fear {unknown}
 s - a scroll of teleportation {unknown}
 u - a scroll of magic mapping {unknown}
 y - a scroll of torment {unknown}
Potions
 g - a potion of lignification
 i - a potion of flight {unknown}
 k - a potion of berserk rage
 l - 2 potions of heal wounds {unknown}
 n - 3 potions of brilliance
 p - a potion of ambrosia {unknown}
 t - a potion of mutation {unknown}
 z - a potion of cancellation
 A - 2 potions of stabbing {unknown}
 B - 2 potions of curing {unknown}


   Skills:
 + Level 4.7 Fighting
 + Level 3.8 Long Blades
 + Level 4.2 Armour
 + Level 4.2 Shields


You had 6 spell levels left.
You didn't know any spells.
Your spell library was empty.

Dungeon Overview and Level Annotations

Branches:
Dungeon (4/15)            Ossuary (visited)
 Temple: D:4-7

Altars:
Ashenzari
Uskayaw
The Shining One

Shops:
D:4 (


Innate Abilities, Weirdness & Mutations

You have a pair of antennae on your head.
You regenerate a little health from kills.


Message History

You feel yourself slow down. The orc wizard casts a spell at you.
The magic dart hits you but does no damage.
You feel sick. x2
The orc wizard hits you but does no damage.
You are lethally poisoned!
You can move again.
It was a potion of cancellation.
Your magical effects are unravelling.
You feel magically purged.
You feel less wooden.
Your +0 pair of gloves unmelds from your body.
Your +0 scale mail unmelds from your body.
You feel yourself speed up.
You feel a little less mighty now.
You feel a little less clever now.
* * * LOW HITPOINT WARNING * * *
You feel sick.
The orc wizard gestures at you while chanting.
The magic dart hits you.
You die...

........+## ####'.....#
........#...#...#.#####
.......##.>.#.>.###
.#.....##...#...#
..$....#### #####
#......##...#...#
.......##.>.#...###
.#......#...#..†#.#
####....+## ####@o#######
#......#####)........#
.......###..............#
#..#....................###
...#...............$......#
......#...................#
.##......................#
.......................#
#..#.##+#.##......†....#


You could see an orc wizard.

Vanquished Creatures
  An elf zombie (Ossuary)
  3 centaur zombies (Ossuary)
  A human zombie (Ossuary)
  An orc priest (D:3)
  2 orc wizards
  2 worker ants (D:4)
  2 big kobold zombies (Ossuary)
  2 mummies (Ossuary)
  3 adders
  A gnoll (D:1)
  An adder zombie (Ossuary)
  3 worms
  A dart slug (D:1)
  2 leopard geckos (D:1)
  4 orcs
  2 giant cockroaches (D:3)
  7 goblins
  5 hobgoblins
  7 jackals
  4 kobolds
  2 ball pythons (D:3)
  3 bats
  A frilled lizard (D:1)
  2 goblin zombies (Ossuary)
  8 hobgoblin zombies (Ossuary)
  9 kobold zombies (Ossuary)
  10 orc zombies (Ossuary)
  6 rats
95 creatures vanquished.

Notes
Turn   | Place    | Note
-------+----------+-------------------------------------------
     0 | D:1      | BritishOli the Demonspawn Fighter began the quest for the
                  | Orb.
     0 | D:1      | Reached XP level 1. HP: 18/18 MP: 1/1
   367 | D:1      | Gained mutation: You have a pair of small antennae on your
                  | head. [demonic ancestry]
   367 | D:1      | Reached XP level 2. HP: 23/24 MP: 2/2
  1057 | D:1      | Gained mutation: You regenerate a little health from kills.
                  | [demonic ancestry]
  1057 | D:1      | Reached XP level 3. HP: 23/29 MP: 3/3
  1496 | D:2      | Found a shattered altar of Ashenzari.
  1509 | D:2      | Found a glowing golden altar of the Shining One.
  2399 | D:3      | Found a hide-covered altar of Uskayaw.
  2687 | D:3      | Gained mutation: You have a pair of antennae on your head.
                  | [demonic ancestry]
  2687 | D:3      | Reached XP level 4. HP: 35/35 MP: 4/4
  2980 | D:3      | Reached XP level 5. HP: 11/42 MP: 5/5
  3865 | D:4      | Found Vesenaq's Weapon Boutique.
  3878 | D:4      | Found a sand-covered staircase.
  3929 | Ossuary  | Entered an ossuary
  4216 | Ossuary  | Reached XP level 6. HP: 28/48 MP: 6/6
  4527 | D:4      | Reached XP level 7. HP: 12/55 MP: 7/7
  4535 | D:4      | HP: 1/55 [poisoned by an orc wizard]
  4535 | D:4      | Killed from afar by an orc wizard

Illustrated notes

Levels and vault maps discovered:
D:1:      erik_arrival_cave_to_civilisation [erik_arrival_cave_to_hall],
          layout_basic
D:2:      layout_rooms, lemuel_crystal_altar, ashenzari_conservatory_becter
D:3:      layout_loops_ring, lemuel_round_altar
D:4:      kennysheep_spiral_hall, layout_basic, kennysheep_little_box,
          nicolae_ossuary_entry_false_entrances, serial_shops, kennysheep_mini,
          hex_intersection, kennysheep_doodads, kennysheep_slug_shrine

Skill      XL: |  1  2  3  4  5  6 |
---------------+-------------------+-----
Long Blades    | 2 3 |  3.8
Shields        | 3 4 |  4.2
Armour         | 3 4 |  4.2
Fighting       | 4 |  4.7

Action                   |  1- 3 |  4- 6 |  7- 9 || total
-------------------------+-------+-------+-------++-------
Melee: Long sword        |   145 |   269 |       ||   414
Throw: Boomerang         |       |     3 |       ||     3
  Use: Potion            |       |     4 |     1 ||     5
       Scroll            |       |     2 |       ||     2
 Stab: Distracted        |       |     1 |       ||     1
Armor: Scale mail        |    66 |   128 |       ||   194
       Skin              |       |       |     1 ||     1
Dodge: Dodged            |    50 |    81 |       ||   131
Block: Kite shield       |    72 |   127 |       ||   199
       Rpst.: Long sword |    15 |    24 |       ||    39

Table legend:
 A = Non-vault XP
 B = Vault XP
 C = Vault XP percentage of total XP
 D = Non-vault monster count
 E = Vault monster count
 F = Vault count percentage of total count
                 A         B        C        D         E       F
            +---------+---------+-------+---------+---------+-------
      Total |     340 |     416 |  55.0 |      56 |      39 |  41.1
            +---------+---------+-------+---------+---------+-------
        D:1 |      49 |       0 |   0.0 |      20 |       0 |   0.0
        D:2 |      27 |       0 |   0.0 |       7 |       0 |   0.0
        D:3 |     141 |       0 |   0.0 |      24 |       0 |   0.0
        D:4 |     123 |       0 |   0.0 |       5 |       0 |   0.0
    Ossuary |       0 |     416 | 100.0 |       0 |      39 | 100.0
            +---------+---------+-------+---------+---------+-------
